 Dungeon Crawl Stone Soup version 0.29-a0-2-g12fcac58f8 (webtiles) character file.

Game seed: 5446531996364503028

6 HallandMoats the Skirmisher (level 1, 0/19 HPs)
             Began as a Ghoul Monk on Jan 27, 2022.
             Slain by a dart slug (3 damage)
             ... on level 1 of the Dungeon.
             The game lasted 00:00:40 (99 turns).

HallandMoats the Skirmisher (Ghoul Monk)              Turns: 99, Time: 00:00:40

Health: 0/19       AC:  2    Str: 14    XL:     1   Next: 90%
Magic:  0/0        EV: 12    Int:  5    God:
Gold:   0          SH:  0    Dex: 11    Spells: 0/0 levels left

rFire   . . .      SeeInvis .     - Unarmed
rCold   + . .      Faith    .   (no shield)
rNeg    + + +      Spirit   .   a - +0 robe
rPois   ∞          Reflect  .   (no helmet)
rElec   .          Harm     .   (no cloak)
rCorr   .          Rampage  .   (no gloves)
Will    .....                   (no boots)
Stlth   ++........              (no amulet)
HPRegen 0.00/turn               (no ring)
MPRegen 0.07/turn               (no ring)

@: inhibited regen
A: claws 1, cold resistance 1, negative energy resistance 3, inhibited
regeneration, torment resistance 2
a: no special abilities


You were on level 1 of the Dungeon.
You visited 1 branch of the dungeon, and saw 1 of its levels.

Inventory:

Armour
 a - a +0 robe (worn)


   Skills:
 * Level 3.4 Fighting
 + Level 0.2 Armour
 + Level 2.7 Dodging
 - Level 2.1 Stealth
 * Level 3.4 Unarmed Combat


You couldn't memorise any spells.
You didn't know any spells.
Your spell library was empty.

Dungeon Overview and Level Annotations

Branches:
Dungeon (1/15)

Altars:


Innate Abilities, Weirdness & Mutations

You thrive by killing the living.
You are immune to poison.
You have sharp fingernails.
Your flesh is cold resistant. (rC+)
You are immune to negative energy. (rN+++)
You do not regenerate when monsters are visible.
You are immune to unholy pain and torment.


Message History

The goblin misses you.
You claw the goblin!
You kill the goblin!
You feel better.
The quokka bites you but does no damage.
You claw the quokka!
You kill the quokka!
You feel better.
Things that are here:
a +0 dagger; a quokka corpse; a goblin corpse
There is a large open door here.
You see here a scroll labelled YHA YNOFIWEUMU.
b - a scroll labelled YHA YNOFIWEUMU The gnoll hits you with a +0 flail.
The gnoll barely misses you.
As you read the scroll labelled YHA YNOFIWEUMU, it crumbles to dust.
It is a scroll of identify.
You don't have any unidentified items.
The gnoll closely misses you.
A bat comes into view.
Found a pair of gloves.
The bat barely misses you. The bat barely misses you.
The bat hits you but does no damage. The bat closely misses you.
The bat hits you but does no damage. The bat completely misses you.
The bat hits you but does no damage.
There is a large open door here.
As you close the large door, it creaks loudly!
A gnoll opens the large door.
The dart slug launches a dart at you. The slug dart hits you.
* * * LOW HITPOINT WARNING * * *
The dart slug barely misses you.
You scratch the dart slug but do no damage.
The bat closely misses you.
You scratch the dart slug.
The dart slug is moderately wounded.
The bat misses you. The dart slug bites you.
You die...

#.#.##..#####
#......)##
###.#....#
#.#....##
#######.##....#
##....##b...#......
#)####.#g####.###..
#.8####'.# .# .
#.#.@.#'.# .#
#.#.wbg#.#
#.#...##.#
#.#.####.# #..##
..# #### ..# ..# .#


You could see a gnoll, a dart slug and a bat.

Vanquished Creatures
  A ball python (D:1)
  2 goblins (D:1)
  A quokka (D:1)
  A rat (D:1)
5 creatures vanquished.

Notes
Turn   | Place    | Note
-------+----------+-------------------------------------------
     0 | D:1      | HallandMoats the Ghoul Monk began the quest for the Orb.
     0 | D:1      | Reached XP level 1. HP: 19/19 MP: 0/0
    99 | D:1      | Slain by a dart slug

Illustrated notes

Levels and vault maps discovered:
D:1:      saegor_arrival_simple_e, layout_rooms, serial_shops, shop,
          shapermc_ecumenical_altar_venn

Action                   || total
-------------------------++-------
Melee: Unarmed           ||    13
  Use: Scroll            ||     1
Armor: Robe              ||     6
Dodge: Dodged            ||    25

Table legend: (Time is in decaauts)
 A = Elapsed time spent in this place.
 B = Non-inter-level travel time spent in this place.
 C = Inter-level travel time spent in this place.
 D = Time resting spent in this place.
 E = Time spent auto-exploring this place.
 F = Levels seen in this place.
 G = Mean time per level.
                   A        B        C        D        E       F      G
               +--------+--------+--------+--------+--------+-----+--------+
         Total |     98 |     98 |      0 |      0 |     14 |   1 |   98.0 |
       Dungeon |     98 |     98 |      0 |      0 |     14 |   1 |   98.0 |
               +--------+--------+--------+--------+--------+-----+--------+

Top non-repeatable levels by time:
     D:1: 98 daAuts
